 Dungeon Crawl Stone Soup version 0.29-a0-857-g9b1aa3ac5b (webtiles) character file.

Game seed: 11668912880939454808

4 mcwallace the Chiller (level 1, -3/9 HPs)
             Began as a Vine Stalker Ice Elementalist on July 16, 2022.
             Slain by a hobgoblin (4 damage)
             ... on level 1 of the Dungeon.
             The game lasted 00:00:27 (95 turns).

mcwallace the Chiller (Vine Stalker Ice Elementalist) Turns: 95, Time: 00:00:28

Health: -3/9       AC:  2    Str: 10    XL:     1   Next: 70%
Magic:  0/4        EV: 12    Int: 15    God:
Gold:   10         SH:  0    Dex: 14    Spells: 3/4 levels left

rFire   . . .      SeeInvis .   (no weapon)
rCold   . . .      Faith    .   (no shield)
rNeg    . . .      Spirit   +   a - +0 robe
rPois   .          Reflect  .   (no helmet)
rElec   .          Harm     .   (no cloak)
rCorr   .          Rampage  .   (no gloves)
Will    .....                   (no boots)
Stlth   ++........              (no amulet)
HPRegen 0.03/turn               (no ring)
MPRegen 0.09/turn               (no ring)

@: no status effects
A: fangs 2, magic shield, antimagic bite, no potion heal 2
a: no special abilities


You were on level 1 of the Dungeon.
You visited 1 branch of the dungeon, and saw 1 of its levels.

You collected 10 gold pieces.


Innate Abilities, Weirdness & Mutations

You have extremely sharp teeth.
When hurt, damage is shared between your health and your magic reserves.
Your bite disrupts and absorbs the magic of your enemies.
Potions cannot restore your health.


   Skills:
 + Level 0.3 Fighting
 + Level 1.6 Dodging
 - Level 2.4 Stealth
 + Level 2.3 Spellcasting
 + Level 4.0 Ice Magic


You had 3 spell levels left.
You knew the following spells:

 Your Spells              Type           Power      Damage    Failure   Level
a - Freeze                Ice            52%        1d7       4%          1

Your spell library contained the following spells:

 Spells                   Type           Power      Damage    Failure   Level
 Frozen Ramparts          Ice            26%        1d4       12%         3
 Ozocubu's Armour         Ice            13%        N/A       12%         3
 Hailstorm                Conj/Ice       7%         3d4       67%         4

Inventory:

Missiles
 d - 10 stones {throwing}
Armour
 a - a +0 robe (worn)
Jewellery
 c - a ring of protection from fire
   (You found it on level 1 of the Dungeon)
Scrolls
 e - a scroll of enchant weapon {unknown}

Dungeon Overview and Level Annotations

Branches:
Dungeon (1/15) Zot: 5905

Altars:

.... #. ####.... .## .##
#....... .. ...
##......## #.####.#
....#.#.##.#... ...
##.)....# ....###.#
....#.#.#####..##.#
#.......K†g@...#.##
##......#####.^...#######
#.......#
#...........####
.?..#####.#
####...####..... ### .#
######...###. .#
########...#### ..
#≈≈>≈≈##.....## ##
#≈≈§≈≈##.......
###≈≈≈≈≈##...#...


You could see a hobgoblin and a kobold.


Message History

The heart of this dungeon contains the fabled artefact, the Orb of Zot.
Press ? for a list of commands and other information.
Found 16 gold pieces, 7 stones and an encrusted gilded ring.
Found an escape hatch in the floor.
Found a staircase leading out of the dungeon.
You now have 3 gold pieces.
c - a ring of protection from fire You now have 10 gold pieces (gained 7).
d - 7 stones {throwing} A rat comes into view.
A rat is nearby!
Found a stone staircase leading down.
A ball python comes into view.
The helpless rat fails to defend itself.
You hit the rat. The rat closely misses you.
You hit the rat.
You kill the rat!
You see here a rat corpse.
The helpless ball python fails to defend itself.
You hit the ball python.
You kill the ball python!
No target in view!
No target in view!
No target in view!
e - a scroll labelled OLUWOTYPOSA
d - 10 stones {throwing} (gained 3) Key pressed, stopping explore.
A rat comes into view.
A rat is nearby!
A rat is nearby!
A rat is nearby!
A rat is nearby!
A hobgoblin comes into view.
An endoplasm comes into view.
You see here a scroll labelled CAMNAY BIENEG.
A ball python comes into view.
The endoplasm quivers.
The ball python hisses angrily.
The endoplasm closely misses you.
The hobgoblin shouts!
You hit the endoplasm.
You hear a shout!
The endoplasm closely misses you.
You hit the endoplasm.
You kill the endoplasm!
A kobold comes into view. It is wielding a +0 club.
You closely miss the hobgoblin.
The kobold shouts!
The ball python misses you. The ball python grabs you.
The ball python constricts you. The rat completely misses you.
The hobgoblin hits you. 😮 HP[-4] MP[-1]
You take 4 damage, and now have 5/9 hp.
MASSIVE DAMAGE!! (PAUSE)
You lost 1 mp, and now have 3/4 mp.
You escape the ball python's grasp.
The rat attacks as you move away! The rat bites you.
* * * LOW HITPOINT WARNING * * *
😨 HP[-1] MP[-1]
You take 1 damage, and now have 4/9 hp.
You lost 1 mp, and now have 2/4 mp.
You see here a scroll labelled CAMNAY BIENEG.
You hit the ball python. The ball python misses you.
The ball python barely misses you. The ball python closely misses you.
The ball python misses you.
You hit the ball python.
You kill the ball python!
You hit the rat but do no damage. The rat bites you. 😨 MP[-1]
You lost 1 mp, and now have 1/4 mp.
You completely miss the rat. You bite the rat, but do no damage.
The rat closely misses you.
You hit the rat.
You kill the rat!
You barely miss the hobgoblin. The hobgoblin barely misses you.
You closely miss the hobgoblin. Your bite misses the hobgoblin.
The hobgoblin hits you.
* * * LOW HITPOINT WARNING * * *
😱 HP[-3] MP[-1]
You take 3 damage, and now have 1/9 hp.
MASSIVE DAMAGE!! (PAUSE)
You lost 1 mp, and now have 0/4 mp.
You don't have enough magic to cast this spell.
You don't have enough magic to cast this spell.
You don't have enough magic to cast this spell.
Magic courses through your body.
The hobgoblin hits you but does no damage. 😱 MP[+4]
Your mp is fully restored (4).
Aiming: Freeze (safe; 4% risk of failure)
Press: ? - help, Q - select action, (/) - cycle Shift-Dir - straight line, f - hobgoblin
Aim: a hobgoblin You freeze the hobgoblin.
The hobgoblin hits you. 😱 MP[-4]
You lost 4 mp, and now have 0/4 mp.
You don't have enough magic to cast this spell.
The hobgoblin attacks as you move away! The hobgoblin misses you.
The hobgoblin attacks as you move away! The hobgoblin hits you.
You die...

Action                   || total
-------------------------++-------
Melee: Unarmed           ||    13
       Bite              ||     1
 Cast: Freeze            ||     1
  Use: Potion            ||     1
 Stab: Sleeping          ||     2
Armor: Robe              ||     1
Dodge: Dodged            ||    12

Levels and vault maps discovered:
D:1:      grunt_arrival_lava_bath, layout_rooms, ebering_ecumenical_altar_mist,
          serial_glass, glass_columns_a, glass_columns_a

Notes
Turn   | Place    | Note
-------+----------+-------------------------------------------
     0 | D:1      | mcwallace the Vine Stalker Ice Elementalist began the quest
                  | for the Orb.
     0 | D:1      | Reached XP level 1. HP: 9/9 MP: 4/4
     0 | D:1      | magus.rc [v1.9.6]
    91 | D:1      | HP: 1/9 [hobgoblin (3)]
    95 | D:1      | Slain by a hobgoblin

Vanquished Creatures
  An endoplasm (D:1)
  2 ball pythons (D:1)
  2 rats (D:1)
5 creatures vanquished.

Table legend:
 A = Non-vault XP
 B = Vault XP
 C = Vault XP percentage of total XP
 D = Non-vault monster count
 E = Vault monster count
 F = Vault count percentage of total count
                 A         B        C        D         E       F
            +---------+---------+-------+---------+---------+-------
      Total |       7 |       0 |   0.0 |       5 |       0 |   0.0
            +---------+---------+-------+---------+---------+-------
        D:1 |       7 |       0 |   0.0 |       5 |       0 |   0.0
            +---------+---------+-------+---------+---------+-------

Illustrated notes

Table legend:
 A = Kills in this place as a percentage of kills in entire the game.
 B = Kills by you in this place as a percentage of kills by you in the entire game.
 C = Kills by friends in this place as a percentage of kills by friends in the entire game.
 D = Other kills in this place as a percentage of other kills in the entire game.
 E = Experience gained in this place as a percentage of experience gained in the entire game.
 F = Experience gained in this place divided by the number of levels of this place that you have seen.
                   A       B       C       D       E      F
               +-------+-------+-------+-------+-------+----------------------
         Total | 100.0 | 100.0 |   N/A |   N/A | 100.0 |   7.0
       Dungeon | 100.0 | 100.0 |   N/A |   N/A | 100.0 |   7.0
               +-------+-------+-------+-------+-------+----------------------

Table legend: (Time is in decaauts)
 A = Elapsed time spent in this place.
 B = Non-inter-level travel time spent in this place.
 C = Inter-level travel time spent in this place.
 D = Time resting spent in this place.
 E = Time spent auto-exploring this place.
 F = Levels seen in this place.
 G = Mean time per level.
                   A        B        C        D        E       F      G
               +--------+--------+--------+--------+--------+-----+--------+
         Total |     95 |     95 |      0 |      0 |     56 |   1 |   95.0 |
       Dungeon |     95 |     95 |      0 |      0 |     56 |   1 |   95.0 |
               +--------+--------+--------+--------+--------+-----+--------+

Top non-repeatable levels by time:
     D:1: 95 daAuts
